[Event "45th FIDE Olympiad 2024"]
[Site "Budapest"]
[Date "2024.09.19"]
[Round "8.33"]
[White "Howell, David W L"]
[Black "Stremavicius, Titas"]
[Result "1/2-1/2"]
[ECO "B45"]
[WhiteElo "2677"]
[BlackElo "2527"]
[Annotator "TA"]
[PlyCount "151"]
[EventDate "2024.09.05"]
[EventType "team-tourn"]
[EventCountry "HUN"]
[SourceTitle "playchess.com"]
[Source "ChessBase"]
[SourceQuality "1"]
[WhiteTeam "England"]
[BlackTeam "Lithuania"]
[WhiteTeamCountry "ENG"]
[BlackTeamCountry "LTU"]
[TimeControl "40/5400+30:1800+30"]

1. e4 c5 2. Nf3 Nc6 3. d4 cxd4 4. Nxd4 Nf6 5. Nc3 e6 6. Ndb5 Bc5 7. Nd6+ {[%emt 0:00:45] B45: Sicilian Four Knights.} Ke7 8. Bf4 e5 9. Nf5+ Kf8 10. Bg5 d6 11. Bc4 h6 12. Bxf6 Qxf6 13. Nd5 Qd8 14. Qd3 g6 $146 ({Predecessor:} 14... a6 15. h4 Be6 16. O-O-O b5 17. Bb3 a5 18. Qxb5 a4 19. Bxa4 Bd7 20. Bb3 Nd4 {1-0 Mammadzada,G (2449)-Maltsevskaya,A (2374) Swiss Queens Wed #2 blitz 2024 (9)}) 15. Nfe3 Kg7 16. a3 a5 17. O-O-O Rb8 18. g3 Nd4 19. c3 b5 20. Ba2 Nc6 21. b4 Ba7 22. h4 h5 23. Kb2 Rf8 24. f4 exf4 25. gxf4 Ne7 26. Nxe7 Qxe7 27. Nd5 Qe8 28. Nc7 Qc6 29. Qxd6 Qxd6 30. Rxd6 Rb7 31. Nd5 Bb8 32. Rc6 Bd7 33. Ra6 axb4 34. axb4 Bg4 35. Rh2 Rd8 36. e5 Ba7 37. Rd6 Rxd6 38. exd6 Bb8 39. Nc7 Bxc7 40. Bd5 Ra7 41. dxc7 Rxc7 42. c4 bxc4 43. Kc3 Bd7 44. Ra2 Kf6 45. Ra5 Ke7 46. Bxc4 Be6 47. Rc5 Ra7 48. Ra5 Rc7 49. Rc5 Ra7 50. b5 Bxc4 51. Rxc4 Ke6 $1 52. Rc5 $2 (52. Kb4 $18) 52... Ra1 53. Kb4 Kd6 $1 54. Rc6+ Kd5 55. Rf6 (55. Rc3 $16) 55... Rh1 $2 (55... Rb1+ $11 56. Ka5 Kc5 57. Rc6+ (57. Rxf7 $2 Ra1#) 57... Kd5) 56. b6 $18 (56. Rxf7 Ke6 57. Rg7 Kf5 $11) 56... Rxh4 57. b7 $1 (57. Rxf7 Rh1 $11) 57... Rh2 58. Kb3 (58. b8=R $2 Rb2+ 59. Kc3 Rxb8 $19) (58. Rd6+ $142 $1 Kxd6 59. b8=Q+ (59. b8=R Rb2+ 60. Kc3 Rxb8 61. Kd3 h4 62. Ke3 h3 63. Kf2 Rb2+ 64. Kg1 Ke6 65. f5+ Kxf5 66. Kh1 Kf4 67. Kg1 Kg3 68. Kf1 h2 69. Ke1 h1=Q#) 59... Ke7 60. Qc7+ Ke8 61. Qc5) 58... Rh3+ $1 $18 59. Kb4 Rh2 $1 60. Kc3 $2 (60. b8=R $2 Rb2+ 61. Kc3 Rxb8 $19) ({White has to play} 60. Rd6+ $1 $18 Kxd6 61. b8=Q+ (61. b8=R Rb2+ 62. Kc4 Rxb8 63. Kd3 h4 64. Ke2 h3 65. Kf1 h2 66. Kg2 Rh8 67. Kf3 h1=Q+ 68. Ke3 Rh3+ 69. Kf2 Rf3+ 70. Ke2 Qg2+ 71. Ke1 Rf1#) 61... Ke7 62. Qc7+ Ke8 63. Qc8+ Ke7 64. Qc5+ Ke8 65. Kc3) 60... Rh3+ $11 61. Kc2 (61. Kb4 Rh2 $18) 61... Rh2+ 62. Kb1 Rh1+ 63. Ka2 Rh2+ 64. Ka3 Rh3+ 65. Ka2 Rh2+ 66. Ka1 Rh1+ 67. Kb2 Rh2+ 68. Ka3 Rh3+ 69. Ka4 Rh1 70. Rd6+ (70. b8=R $2 Ra1+ 71. Kb4 (71. Kb5 $2 Rb1+ 72. Ka4 Rxb8 $19) 71... Rb1+ 72. Kc3 Rxb8 73. Rxf7 Ke4 $19) (70. Rb6 $5 Ra1+ $8 71. Kb4 Rb1+ 72. Ka5 Ra1+ 73. Kb5 Rb1+ 74. Ka6 Ra1+ 75. Kb5 Rb1+ 76. Ka5 Ra1+ 77. Kb5 $11) 70... Kc5 $1 71. Rd3 (71. b8=R $2 {too greedy.} Kxd6 72. Rd8+ Ke7 $19) (71. b8=Q $2 Ra1+ 72. Kb3 Rb1+ 73. Kc3 Rxb8 $19) (71. Rd1 {gets mated.} Rxd1 72. b8=Q Ra1+ 73. Kb3 Rb1+ 74. Kc2 Rxb8 75. Kd3 Re8 76. Kc3 h4 77. f5 gxf5 78. Kd2 h3 79. Kd1 h2 80. Kc2 h1=Q (80... h1=R {leads to mate.} 81. Kc3 Re2 82. Kd3 Rhh2 83. Kc3 Rh3#) 81. Kc3 Qf3+ 82. Kc2 Re2+ 83. Kd1 Qf1#) 71... Ra1+ 72. Ra3 Rb1 73. Rb3 $1 Ra1+ 74. Ra3 Rb1 75. Rb3 $1 Ra1+ 76. Ra3 1/2-1/2

[Event "45th FIDE Olympiad 2024"]
[Site "Budapest"]
[Date "2024.09.19"]
[Round "8.33"]
[White "Prudente, Elmer"]
[Black "Alrehaili, Ahmed Abdullah S"]
[Result "0-1"]
[WhiteElo "1949"]
[BlackElo "2117"]
[PlyCount "102"]
[EventDate "2024.09.05"]
[EventType "team-tourn"]
[EventCountry "HUN"]
[WhiteTeam "Guam"]
[BlackTeam "Saudi Arabia"]
[WhiteTeamCountry "GMA"]
[BlackTeamCountry "SAU"]
[TimeControl "40/5400+30:1800+30"]

1. e4 e6 2. d4 d5 3. Nd2 c5 4. exd5 Qxd5 5. Ngf3 cxd4 6. Bc4 Qd6 7. O-O Nf6 8. Nb3 Nc6 9. Nbxd4 Nxd4 10. Nxd4 a6 11. Re1 Be7 12. c3 O-O 13. Qf3 e5 14. Nf5 Bxf5 15. Qxf5 Qc7 16. Bd3 h6 17. Qxe5 Bd6 18. Qf5 Bxh2+ 19. Kh1 Rad8 20. g3 Rd5 21. Qf3 Rh5 22. Kg2 Qd7 23. Bf1 Rc8 24. Bf4 Rcc5 25. Rad1 Qh3+ 26. Kh1 Qc8 27. Kg2 Rcf5 28. Rd4 g6 29. Bd3 Rd5 30. Kf1 Qd7 31. Rxd5 Rxd5 32. Bc4 Rc5 33. Bb3 Rf5 34. Rd1 Qc8 35. Bc2 Rh5 36. Rd6 Ne8 37. Rb6 Ng7 38. Rxb7 Qc4+ 39. Kg2 Qe6 40. Rb8+ Kh7 41. Qa8 Qh3+ 42. Kf3 Ne6 43. Rh8+ Kg7 44. Rg8+ Kf6 45. Qb8 Rb5 46. Qd6 Bg1 47. Be3 Re5 48. Qd1 Qh5+ 49. Kg2 Qh2+ 50. Kf1 Rxe3 51. Qd2 Rf3 {0-} 0-1

[Event "45th FIDE Olympiad 2024"]
[Site "Budapest"]
[Date "2024.09.19"]
[Round "8.34"]
[White "Kazakouski, Valery"]
[Black "Adams, Michael"]
[Result "0-1"]
[ECO "D37"]
[WhiteElo "2577"]
[BlackElo "2661"]
[Annotator "RC"]
[PlyCount "82"]
[EventDate "2024.09.05"]
[EventType "team-tourn"]
[EventCountry "HUN"]
[SourceTitle "playchess.com"]
[Source "ChessBase"]
[SourceQuality "1"]
[WhiteTeam "Lithuania"]
[BlackTeam "England"]
[WhiteTeamCountry "LTU"]
[BlackTeamCountry "ENG"]
[TimeControl "40/5400+30:1800+30"]

1. d4 Nf6 2. c4 e6 3. Nc3 d5 4. Nf3 Be7 5. Bf4 O-O 6. e3 Nbd7 7. c5 c6 8. b4 b6 9. h4 a5 10. a3 h6 11. Bd3 Ba6 12. Bxa6 Rxa6 13. b5 cxb5 14. c6 Qc8 15. c7 b4 16. Nb5 a4 17. Rc1 Ne4 18. Nd2 Ndf6 19. Nxe4 dxe4 20. Nd6 Bxd6 21. Bxd6 b3 22. Bxf8 Kxf8 23. Qd2 Nd5 24. f3 exf3 25. gxf3 Ra7 26. e4 Rxc7 27. Rxc7 Nxc7 28. Qb4+ Kg8 29. Kf2 b5 30. Qc5 Qd7 31. Ke3 Ne8 32. Rg1 Nd6 33. h5 f5 34. Kd3 Kh7 35. Ke3 fxe4 36. fxe4 Nc4+ 37. Ke2 b2 38. Rb1 e5 39. Rg1 exd4 40. Qd5 Qxd5 41. exd5 b4 0-1

[Event "45th FIDE Olympiad 2024"]
[Site "Budapest"]
[Date "2024.09.19"]
[Round "8.34"]
[White "Al Thebaiti, Ahmed M"]
[Black "Tran, Tuan An"]
[Result "1/2-1/2"]
[WhiteElo "1993"]
[BlackElo "1916"]
[PlyCount "69"]
[EventDate "2024.09.05"]
[EventType "team-tourn"]
[EventCountry "HUN"]
[WhiteTeam "Saudi Arabia"]
[BlackTeam "Guam"]
[WhiteTeamCountry "SAU"]
[BlackTeamCountry "GMA"]
[TimeControl "40/5400+30:1800+30"]

1. d4 d5 2. Nf3 Nf6 3. Bf4 c5 4. e3 Nc6 5. Nbd2 Bg4 6. c3 e6 7. Qa4 Bxf3 8. Nxf3 Qa5 9. Qxa5 Nxa5 10. dxc5 Nc6 11. Bb5 Bxc5 12. Ne5 Rc8 13. Nxc6 bxc6 14. Ba6 Rd8 15. Bb7 Kd7 16. O-O Ne4 17. Ba6 g5 18. Bg3 h5 19. Bd3 Nxg3 20. hxg3 f5 21. b4 Bd6 22. Rab1 h4 23. gxh4 Rxh4 24. g3 Rh3 25. Kg2 Rdh8 26. Rh1 Rxh1 27. Rxh1 Rxh1 28. Kxh1 f4 29. Kg2 fxe3 30. fxe3 Be5 31. c4 Bc3 32. b5 dxc4 33. bxc6+ Kxc6 34. Bxc4 e5 35. Kf3 1/2-1/2

[Event "45th FIDE Olympiad 2024"]
[Site "Budapest"]
[Date "2024.09.19"]
[Round "8.35"]
[White "McShane, Luke J"]
[Black "Laurusas, Tomas"]
[Result "1/2-1/2"]
[ECO "C49"]
[WhiteElo "2611"]
[BlackElo "2569"]
[Annotator "TA"]
[PlyCount "81"]
[EventDate "2024.09.05"]
[EventType "team-tourn"]
[EventCountry "HUN"]
[SourceTitle "playchess.com"]
[Source "ChessBase"]
[SourceQuality "1"]
[WhiteTeam "England"]
[BlackTeam "Lithuania"]
[WhiteTeamCountry "ENG"]
[BlackTeamCountry "LTU"]
[TimeControl "40/5400+30:1800+30"]

1. e4 e5 2. Nf3 Nf6 3. Nc3 Nc6 4. Bb5 Bb4 5. O-O O-O 6. d3 d6 7. Ne2 Ne7 8. c3 Ba5 9. Ng3 Ng6 10. d4 c6 11. Bd3 Re8 12. h3 h6 13. Be3 Bc7 14. Re1 d5 15. dxe5 Nxe4 16. Nxe4 dxe4 17. Bxe4 Nxe5 18. Nxe5 Bxe5 19. Qxd8 Rxd8 20. f4 Bc7 21. f5 Bb6 22. Kf2 Bxe3+ 23. Kxe3 Kf8 24. g4 Bd7 25. h4 f6 26. g5 Be8 27. g6 Rd7 28. Rad1 Rad8 29. Rxd7 Rxd7 $11 {[%emt 0:02:20][%mdl 4096] Endgame. KRB-KRB} 30. b4 Re7 31. Rd1 Rd7 32. Rb1 Ke7 33. c4 Kd8 34. c5 Re7 35. Rd1+ Kc7 {[%emt 0:00:26] The position is equal.} 36. h5 Bd7 37. Kd4 Re5 38. Rf1 Bc8 39. Rf2 Bd7 40. Rf3 Bc8 41. Rf2 {[%emt 0:08:02] Weighted Error Value: White=0.04 (flawless) /Black=0.04 (flawless) .  Inaccurate:     	White=2     	Black=2      OK:         	White=12    	Black=18     Best:        	White=1     	---} 1/2-1/2

[Event "45th FIDE Olympiad 2024"]
[Site "Budapest"]
[Date "2024.09.19"]
[Round "8.35"]
[White "Mafnas, Peter"]
[Black "Al Abdali, Zeyad Saleh"]
[Result "0-1"]
[WhiteElo "1886"]
[BlackElo "1780"]
[PlyCount "124"]
[EventDate "2024.09.05"]
[EventType "team-tourn"]
[EventCountry "HUN"]
[WhiteTeam "Guam"]
[BlackTeam "Saudi Arabia"]
[WhiteTeamCountry "GMA"]
[BlackTeamCountry "SAU"]
[TimeControl "40/5400+30:1800+30"]

1. c4 c5 2. Nc3 Nf6 3. g3 e6 4. Bg2 d5 5. cxd5 exd5 6. d4 cxd4 7. Qxd4 Nc6 8. Qa4 d4 9. Ne4 Nxe4 10. Bxe4 Bd7 11. Qd1 Bb4+ 12. Bd2 Qe7 13. Bg2 d3 14. Nf3 O-O 15. e3 Bg4 16. h3 Bxd2+ 17. Qxd2 Bxf3 18. Bxf3 Nd4 19. Bd1 Qe4 20. O-O Nc2 21. Rc1 Rac8 22. a3 h6 23. Kh2 Rfd8 24. Rg1 a6 25. Qa5 Rd5 26. Qd2 Qe5 27. Bf3 Rd7 28. Rgd1 Rcc7 29. Rb1 h5 30. Rg1 b6 31. Kh1 Rc4 32. Bd1 Rd6 33. Bf3 Qf5 34. Bg2 Qe5 35. Bb7 b5 36. Bg2 g6 37. Bf1 Kg7 38. Kh2 Qf5 39. Rd1 Qe5 40. Rb1 Qf5 41. Rd1 Qf6 42. Rb1 Qd8 43. Rd1 b4 44. Bxd3 bxa3 45. Qe2 Nd4 46. exd4 Rcxd4 47. bxa3 Rxd3 48. Rxd3 Rxd3 49. Re1 Kh7 50. Qa2 Rf3 51. h4 Qf6 52. Kg1 Qc3 53. Ra1 a5 54. a4 Rf5 55. Qa3 Qd4 56. Qa2 Kg7 57. Re1 Rf3 58. Kg2 Qf6 59. Qd2 Kh7 60. Re2 Ra3 61. Qd7 Qf3+ 62. Kh2 Ra1 {0-} 0-1

[Event "45th FIDE Olympiad 2024"]
[Site "Budapest"]
[Date "2024.09.19"]
[Round "8.36"]
[White "Pidluznij, Gleb"]
[Black "Jones, Gawain C B"]
[Result "1/2-1/2"]
[ECO "B30"]
[WhiteElo "2425"]
[BlackElo "2646"]
[Annotator "TA"]
[PlyCount "120"]
[EventDate "2024.09.05"]
[EventType "team-tourn"]
[EventCountry "HUN"]
[SourceTitle "playchess.com"]
[Source "ChessBase"]
[SourceQuality "1"]
[WhiteTeam "Lithuania"]
[BlackTeam "England"]
[WhiteTeamCountry "LTU"]
[BlackTeamCountry "ENG"]
[TimeControl "40/5400+30:1800+30"]

1. e4 c5 2. Nf3 Nc6 3. Bb5 e6 4. O-O Nge7 5. d4 cxd4 6. Nxd4 Ng6 7. Be3 Be7 8. Be2 O-O 9. c4 Nxd4 10. Qxd4 Bf6 11. Qd2 b6 12. Nc3 Bb7 13. Rad1 Bxc3 (13... Be5 {is more complex.} 14. b4 Qc7 15. Nb5 Bxh2+ 16. Kh1 Qb8) 14. bxc3 Bxe4 15. Qxd7 Qc8 16. Qxc8 Rfxc8 17. Rd6 Bb7 18. c5 bxc5 19. Rb1 Be4 20. Rb5 Nh4 21. Rxc5 Rcb8 (21... Nf5 $11 22. Rxc8+ Rxc8) 22. f3 $16 Bd5 23. Bf2 {[%emt 0:10:03] This pair of bishops is nice.} Nf5 24. Rd7 $1 Bxa2 {[%emt 0:08:18] [#] Black is weak on the dark squares} 25. g4 $1 Nh6 {[%emt 0:00:20] [#]} 26. Ra5 $1 {[%emt 0:03:11][%csl LRa2,LRa7] White has more active pieces.} Rb2 (26... Bb3 $16 {was called for.} 27. Ra3 (27. Rdxa7 Rxa7 28. Bxa7 Rc8 $16) (27. Bxa7 Rc8 $16) (27. Raxa7 Rxa7 28. Bxa7 Ra8 $16) 27... Bd5) 27. Rdxa7 ({White should play} 27. Raxa7 $18 Rab8 28. Bd3) 27... Rxa7 $14 28. Rxa7 {[%emt 0:00:09] Threatening mate with Ra8+.} f5 29. Kf1 {[%emt 0:02:06] And now g5 would win.} fxg4 30. fxg4 Rb1+ 31. Kg2 (31. Be1 $16 Bb3 32. h3) 31... Bd5+ $11 32. Kg3 Rb2 33. Bf3 Bxf3 34. Kxf3 {[%emt 0:00:09] [#]} Nxg4 $1 35. Kxg4 (35. Bd4 Nf6) 35... Rxf2 {[%emt 0:00:06][%mdl 4096] Endgame. KR-KR} 36. h4 Rf5 37. h5 h6 {[%emt 0:00:52] Strongly threatening ...Rc5.} 38. Re7 (38. Rc7 $1 $11 {was the only way to keep the balance.}) 38... Rg5+ $17 39. Kh4 Re5 (39... e5 $17 {White should prevent ...Kf8.} 40. Rd7 Kf8) 40. c4 {[%emt 0:00:52] The position is equal.} Kf8 41. Rc7 Re4+ 42. Kg3 Re5 43. Kh4 Re1 44. c5 Ke8 45. c6 Rd1 46. Kh3 (46. Rxg7 Rh1+ 47. Kg4 Rg1+ 48. Kf4 Rxg7 49. Ke5 Ke7 50. Kd4 Rg5 (50... Kd6 51. Ke4 Re7 52. Ke3 e5 53. Ke4 Kxc6 54. Kf5 e4 55. Kf6 Rc7 56. Ke6 e3 57. Ke5 e2 58. Kf4 e1=Q 59. Kf3 Rf7+ 60. Kg2 Rf2+ 61. Kh3 Qe3+ 62. Kh4 Rf4#) 51. c7 Kd7 (51... Rxh5 $2 52. c8=Q $18) 52. Ke3 Kxc7 (52... Rxh5 53. Kf3 Rf5+ 54. Kg2 Kxc7 55. Kg3 Kc6 56. Kh2 Rg5 57. Kh1 e5 58. Kh2 e4 59. Kh1 e3 60. Kh2 e2 61. Kh3 e1=Q 62. Kh2 Qh4#) 53. Kf4 Rxh5 54. Ke3 Rf5 55. Ke2 h5 56. Kd3 Kc6 57. Kc2 h4 58. Kd2 h3 59. Ke2 h2 60. Kd3 Rf3+ (60... h1=R 61. Kd2 Kc5 62. Kd3 Rh3+ 63. Ke2 Rh2+ 64. Ke3 Kd5 65. Kd3 Rf3#) 61. Kd4 h1=Q (61... h1=R 62. Ke4 Rhf1 63. Ke5 Rf4 64. Kxe6 Re4#) (61... e5+ 62. Kc4 h1=Q 63. Kb4 Qh4+ 64. Ka5 Ra3#) 62. Ke4 Qh5 63. Kd4 Qd5#) 46... Rh1+ 47. Kg4 Kd8 48. Rd7+ (48. Rxg7 {leads to mate.} Rg1+ 49. Kf4 Rxg7 50. Ke5 Kc7 51. Kf4 Rg5 (51... Kxc6 52. Ke5 Rg5+ 53. Kxe6 Rxh5 54. Kf6 Kd7 55. Kg6 Rg5+ 56. Kf6 Rb5 57. Kf7 Rb6 58. Kg8 Ke6 59. Kg7 Ke7 60. Kh8 Kf8 61. Kh7 h5 62. Kh8 Rh6#) 52. Kf3 Rxh5 (52... Kxc6 53. Ke4 Rxh5 54. Kf3 Rf5+ 55. Ke4 h5 56. Kd3 h4 57. Ke4 h3 58. Kd3 h2 59. Kc3 h1=Q 60. Kd2 Rf3 61. Ke2 Qg2+ 62. Ke1 Rf1#) 53. Kf2 Rf5+ (53... Kxc6 {is a self mate.} 54. Ke3 Kd5 55. Kd3 e5 56. Ke3 e4 57. Ke2 Kd4 58. Kf2 e3+ 59. Kg3 Rg5+ 60. Kf3 Kd3 61. Kf4 e2 62. Kf3 e1=Q 63. Kf4 Qg3#) 54. Ke2 h5 (54... Kxc6 {gets mated.} 55. Kd3 Kd5 56. Kd2 h5 57. Kd3 h4 58. Kc2 h3 59. Kd3 h2 60. Kc3 h1=R 61. Kd3 Rf2 62. Ke3 Rhh2 63. Kd3 Rh3#) 55. Ke3 h4 (55... Kxc6 56. Ke2 h4 57. Kd2 h3 58. Kd3 h2 59. Ke3 h1=Q 60. Ke2 Qh2+ 61. Ke3 Kd5 62. Kd3 Rf3#) 56. Ke4 Kxc6 (56... h3 57. Kd4 h2 58. Ke4 h1=Q+ 59. Kd4 Kxc6 60. Ke3 Rf3+ 61. Ke4 Qh5 62. Kd4 Qd5#) 57. Kd3 h3 58. Ke3 h2 59. Ke4 h1=Q+ (59... h1=R 60. Kd3 Rh2 61. Kd4 Rh3 62. Ke4 Kd6 63. Kd4 Rf4#) 60. Ke3 Rf3+ (60... Qf3+ 61. Kd2 Qg3 62. Kd1 Qg2 63. Ke1 Rf1#) 61. Ke4 Qh5 62. Kd4 Qd5#) 48... Kc8 49. Re7 Rg1+ 50. Kf4 Rg5 51. Rxe6 Kc7 52. Re5 Rg1 53. Re6 Rh1 54. Re7+ Kxc6 55. Rxg7 Rxh5 56. Kg4 Rh1 {[%emt 0:00:00] ( -> ...Rg1+)} 57. Ra7 Rg1+ 58. Kh5 Rg5+ 59. Kxh6 Kb6 60. Kxg5 Kxa7 {[%emt 0:00:00] Weighted Error Value: White=0.13 (very precise) /Black=0.12 (very precise) .  Mistake:       	White=3     	Black=3      Inaccurate:     	White=2     	Black=2      OK:         	White=25    	Black=25     Best:        	White=3     	Black=3      Strong:       	White=3     	---        Brilliant:      	---       	Black=1} 1/2-1/2

[Event "45th FIDE Olympiad 2024"]
[Site "Budapest"]
[Date "2024.09.19"]
[Round "8.36"]
[White "Khayat, Emad"]
[Black "Combs, Daniel"]
[Result "1-0"]
[WhiteElo "1907"]
[BlackElo "1688"]
[PlyCount "85"]
[EventDate "2024.09.05"]
[EventType "team-tourn"]
[EventCountry "HUN"]
[WhiteTeam "Saudi Arabia"]
[BlackTeam "Guam"]
[WhiteTeamCountry "SAU"]
[BlackTeamCountry "GMA"]
[TimeControl "40/5400+30:1800+30"]

1. d4 Nf6 2. Nf3 d5 3. g3 Bf5 4. Bg2 e6 5. O-O Bd6 6. c4 c6 7. Nc3 h6 8. Qb3 Qc8 9. Bd2 O-O 10. Rac1 Nbd7 11. Nh4 Bh7 12. cxd5 exd5 13. Nxd5 Nxd5 14. Bxd5 Nf6 15. Bg2 Qd7 16. Bb4 Bxb4 17. Qxb4 Rfe8 18. e3 Rab8 19. Nf3 Be4 20. Ne5 Qe7 21. Qxe7 Rxe7 22. b4 Bxg2 23. Kxg2 Nd7 24. Nxd7 Rxd7 25. a4 a6 26. Rc5 Rd6 27. Rfc1 Kf8 28. Kf3 Ke7 29. b5 axb5 30. axb5 cxb5 31. Rxb5 Rd7 32. h4 f6 33. h5 Ke6 34. Ke4 Ke7 35. Kf5 Kf7 36. Rcb1 Ke7 37. R1b2 Kf7 38. g4 Ke7 39. d5 b6 40. e4 Rdb7 41. f4 Kd7 42. e5 Ke7 43. Kg6 1-0

[Event "45th FIDE Olympiad 2024"]
[Site "Budapest"]
[Date "2024.09.19"]
[Round "8.37"]
[White "Vocaturo, Daniele"]
[Black "Suleymanli, Aydin"]
[Result "1/2-1/2"]
[ECO "C88"]
[WhiteElo "2600"]
[BlackElo "2632"]
[Annotator "TA"]
[PlyCount "77"]
[EventDate "2024.09.05"]
[EventType "team-tourn"]
[EventCountry "HUN"]
[SourceTitle "playchess.com"]
[Source "ChessBase"]
[SourceQuality "1"]
[WhiteTeam "Italy"]
[BlackTeam "Azerbaijan"]
[WhiteTeamCountry "ITA"]
[BlackTeamCountry "AZE"]
[TimeControl "40/5400+30:1800+30"]

1. e4 e5 2. Nf3 Nc6 3. Bb5 a6 4. Ba4 Nf6 5. O-O Be7 6. Re1 b5 7. Bb3 O-O 8. h3 Bb7 9. d3 d5 10. exd5 Nxd5 11. a4 Ndb4 12. Nxe5 Nd4 13. Nd2 Nxb3 14. Nxb3 {[%emt 0:00:06] Na5 would now be deadly.} Qd5 15. Nf3 {[%emt 0:00:28] A dynamic duo of knights.} Qd7 16. Re3 Nd5 17. Re5 f6 18. Re1 Nb4 19. Nfd4 {[%emt 0:19:51] c3 is the strong threat.} bxa4 (19... Bd6 $11) 20. Na5 $16 Bd5 21. c3 Bc5 {[%emt 0:02:36] [#]} 22. Be3 (22. Ne2 $1 $16 Nc6 (22... Bxg2 23. Nf4 $16) 23. Qxa4 (23. Rxa4 Nxa5 24. Rxa5 Bb6 $16)) 22... Bf7 $1 $11 23. cxb4 Bxd4 24. Bxd4 (24. Qxa4 {simplifies} Qxa4 25. Rxa4 Bxb2 26. Nc6) 24... Qxd4 25. Nc6 Qxb2 26. Qxa4 Rfe8 27. Reb1 Qc3 28. b5 a5 {[%emt 0:00:30] [#]} 29. Qa3 (29. Qf4 $1 $16 Rac8 30. Qf3 (30. Nxa5 Qxd3 31. Nc6 Ra8 $11)) 29... Qd2 {[%emt 0:01:23] The position is equal.} 30. Qc5 {[%emt 0:02:12] Threatens to win with Ne7+.} Kh8 31. Rd1 Qe2 32. d4 (32. Nxa5 $2 {is the wrong capture.} Rxa5 33. Rxa5 Qxd1+ $19) 32... a4 33. d5 a3 34. b6 cxb6 35. Qxb6 {[%emt 0:00:04] Hoping for d6.} Qb2 36. Qxb2 axb2 37. Rab1 Bxd5 38. Rxd5 Rec8 $1 {[%emt 0:00:27] [#]} 39. Rxb2 $1 {[%emt 0:00:18] Weighted Error Value: White=0.08 (flawless) /Black=0.11 (very precise) .  Mistake:       	White=2     	Black=1      Inaccurate:     	---       	Black=2      OK:         	White=15    	Black=13     Best:        	White=3     	---        Strong:       	---       	Black=2} 1/2-1/2

[Event "45th FIDE Olympiad 2024"]
[Site "Budapest"]
[Date "2024.09.19"]
[Round "8.38"]
[White "Abasov, Nijat"]
[Black "Lodici, Lorenzo"]
[Result "1/2-1/2"]
[ECO "E18"]
[WhiteElo "2626"]
[BlackElo "2556"]
[Annotator "ChessBase"]
[PlyCount "302"]
[EventDate "2024.09.05"]
[EventType "team-tourn"]
[EventCountry "HUN"]
[SourceTitle "playchess.com"]
[Source "ChessBase"]
[SourceQuality "1"]
[WhiteTeam "Azerbaijan"]
[BlackTeam "Italy"]
[WhiteTeamCountry "AZE"]
[BlackTeamCountry "ITA"]
[TimeControl "40/5400+30:1800+30"]

1. d4 Nf6 2. Nf3 b6 3. c4 e6 4. g3 Bb7 5. Bg2 Be7 6. O-O O-O 7. Nc3 Ne4 8. Bd2 d6 9. Qc2 Nxd2 10. Qxd2 Nd7 11. e4 a5 12. Rfe1 g6 13. h4 Bf6 14. Rad1 Bg7 15. Qc2 Qe7 16. b3 h6 17. Rd2 Rad8 18. a3 g5 19. hxg5 hxg5 20. Nh2 c5 21. Ne2 cxd4 22. Nxd4 Ne5 23. a4 g4 24. Nb5 Bc6 25. Qd1 Qg5 26. Na7 Ba8 27. Nb5 Rd7 28. Qe2 Rfd8 29. Red1 Bc6 30. Nd4 Bb7 31. Nc2 Bh6 32. Ne3 Qg6 33. Nhxg4 Nxg4 34. Qxg4 Qxg4 35. Nxg4 Bxd2 36. Nf6+ Kg7 37. Nxd7 Bb4 38. Ne5 Kf8 39. Nd3 Bc3 40. f4 Ke7 41. Bf3 e5 42. Kg2 Rh8 43. f5 Rh7 44. Nc1 Bd4 45. Ne2 Bc5 46. Nc1 Bd4 47. Re1 Bc3 48. Re2 Bd4 49. Na2 Bc6 50. Re1 Bb7 51. Bd1 Bc5 52. Bc2 Rh5 53. Rf1 Kf6 54. Nc3 Bc6 55. Bd3 Bd4 56. Nb1 Bc5 57. Nd2 Rg5 58. Nf3 Rg4 59. Re1 Ke7 60. Bc2 Bb4 61. Re2 Bc5 62. Nh4 Rg8 63. Kf3 Rh8 64. Rh2 Kf6 65. Re2 Rh7 66. Kg2 Ke7 67. Nf3 Rg7 68. Re1 Rg8 69. Nh2 Rg5 70. g4 Rg8 71. Kg3 Bb4 72. Re2 Ba3 73. Re1 Bb4 74. Rh1 Rh8 75. Rd1 f6 76. Nf3 Bc5 77. Nh4 Be8 78. Ng2 Bc6 79. Re1 Bb4 80. Rd1 Bc5 81. Nh4 Be8 82. Rh1 Kd7 83. Kf3 Bf7 84. Ke2 Rg8 85. Kf3 Rh8 86. Bd1 Ba3 87. Be2 Bc5 88. Bf1 Kd8 89. Bg2 Ke8 90. Ke2 Ba3 91. Nf3 Rxh1 92. Bxh1 Bc1 93. Kd3 Ke7 94. Bg2 Be8 95. Bf1 Bc6 96. Be2 Be8 97. Bd1 Bc6 98. Bc2 Kd7 99. Kc3 Be3 100. Kd3 Bf4 101. Kc3 Be3 102. b4 axb4+ 103. Kxb4 Bc5+ 104. Kc3 Be3 105. Kd3 Bf4 106. Ke2 Kc7 107. Ne1 Bg5 108. Kf3 Be8 109. Nd3 Bf7 110. Bb3 Bh4 111. Ke2 Kc6 112. Kd2 Kb7 113. Nb4 Be8 114. Kd3 Bc6 115. Nc2 Bg5 116. Nb4 Kc7 117. Na2 Kd8 118. Nc3 Kc7 119. Ba2 Bh4 120. Bb3 Bg5 121. Ne2 Kd7 122. Ng1 Ke7 123. Nf3 Bc1 124. Bc2 Kd8 125. Kc3 Be3 126. Ne1 Bg5 127. Ng2 Kc7 128. Kd3 Kb7 129. Ne1 Kc7 130. Bb3 Kd8 131. Nf3 Bh6 132. Bc2 Ke7 133. Ke2 Bf4 134. Kf2 Kf7 135. Ng1 Bd2 136. Kf3 Ke7 137. Bb3 Bf4 138. Nh3 Bd2 139. Bc2 Be8 140. Ke2 Bc1 141. Ng1 Bc6 142. Nf3 Bf4 143. Kd3 Kd8 144. Nd2 Kc7 145. Nb1 Kd8 146. Nc3 Bg5 147. Bb3 Kc7 148. Nb5+ Bxb5 149. cxb5 Bh4 150. Kc4 Bg5 151. Kd5 Bh4 1/2-1/2

[Event "45th FIDE Olympiad 2024"]
[Site "Budapest"]
[Date "2024.09.19"]
[Round "8.39"]
[White "Sonis, Francesco"]
[Black "Mamedov, Rauf"]
[Result "1/2-1/2"]
[ECO "E54"]
[WhiteElo "2554"]
[BlackElo "2637"]
[Annotator "TA"]
[PlyCount "93"]
[EventDate "2024.09.05"]
[EventType "team-tourn"]
[EventCountry "HUN"]
[SourceTitle "playchess.com"]
[Source "ChessBase"]
[SourceQuality "1"]
[WhiteTeam "Italy"]
[BlackTeam "Azerbaijan"]
[WhiteTeamCountry "ITA"]
[BlackTeamCountry "AZE"]
[TimeControl "40/5400+30:1800+30"]

1. d4 d5 2. c4 dxc4 3. e3 Nf6 4. Bxc4 e6 5. Nf3 c5 6. O-O a6 7. Bd3 Nc6 8. Nc3 Be7 9. Ne4 cxd4 10. exd4 O-O 11. Be3 Nd5 12. Bc1 b6 13. a3 Bb7 14. Bc2 Rc8 15. Qd3 g6 16. Bd2 {[%emt 0:00:33] Prevents Ndb4.} Nf6 {[%emt 0:04:39][%cal Oc6d4] [#] ...Nxd4! would now be deadly.} 17. Nc3 Re8 18. Rad1 b5 19. Bg5 Na5 (19... Nd5 {simplifies} 20. Bxe7 Ncxe7 21. Ne4 Nf5) 20. Ne5 Nd7 21. Bxe7 Qxe7 22. Qe2 Nf6 23. Nd3 (23. Bb1 $11) 23... Nc6 $17 24. Qe3 Ba8 (24... Red8 $17 25. Nc5 Rxd4) 25. Bb3 $11 Na5 26. Ba2 Nc4 27. Bxc4 bxc4 28. Ne5 Qb7 {[%emt 0:00:40][%csl Ga8][%cal Rb7g2] [#]} 29. f3 $1 {[%emt 0:02:45] Active counter play!} Qe7 30. Ne4 Nd5 31. Qc1 Red8 (31... Nb6 $1 $11 {was preferrable.}) 32. Nc5 Nb6 33. Nxc4 Nxc4 34. Qxc4 a5 35. Rfe1 Rd5 36. b4 axb4 37. axb4 Qh4 {[%emt 0:00:37] Threatens to win with ...Rh5.} 38. Re4 Qd8 39. Qc3 Rb8 40. Na6 Rb6 41. Nc5 Rh5 42. Re2 Rd5 43. Rdd2 Rbd6 44. Ne4 Rc6 {[%emt 0:00:10] The position is equal.} 45. Nc5 Rcd6 $1 46. Ne4 Rc6 47. Nc5 {[%emt 0:00:00] Weighted Error Value: White=0.12 (very precise) /Black=0.13 (very precise) .  Mistake:       	White=1     	Black=2      Inaccurate:     	White=9     	Black=6      OK:         	White=12    	Black=12     Strong:       	White=1     	Black=1} 1/2-1/2